RedWings vs Sabres

Created - February-27-14 at 20:03

Goals
1 2 3 OT1 SO T
RedWings 0 1 1 0 0 2
Sabres 1 1 0 0 1 3
Shots
1 2 3 OT1 SO T
RedWings 6 10 10 2 3 28
Sabres 15 9 7 2 2 33

1st period

1. Sabres , Zach Parise 27 (Dan Girardi, Matt Duchene) at 13:38 (PP)

Penalties :
Ondrej Palat (DET) for Tripping (Minor) at 13:26

2nd period

2. Sabres , Josh Gorges 4 (Brad Boyes, Thomas Vanek) at 5:23
3. RedWings , Ray Whitney 18 (Joe Thornton, Jared Spurgeon) at 9:50 (PP)

Penalties :
Brad Boyes (BUF) for Tripping (Minor) at 0:54, Brad Stuart (BUF) for Hooking (Minor) at 9:18, Nate Thompson (DET) for Slashing (Double Minor) at 14:05

3rd period

4. RedWings , Joe Thornton 17 (Tyler Toffoli, Jared Spurgeon) at 11:15

Penalties :
Ondrej Palat (DET) for Cross-checking (Minor) at 6:53, Paul Gaustad (BUF) for High sticking (Minor) at 12:45, Chris Summers (DET) for Goalie Interference (Minor) at 16:38

Overtime #1

No Goal

Penalties :
No Penalty

Shootout

Penalty Shot by Andrew Cogliano for RedWings - Stopped by Ondrej Pavelec
Penalty Shot by Thomas Vanek for Sabres - Goal!
Penalty Shot by Joe Thornton for RedWings - Stopped by Ondrej Pavelec
Penalty Shot by Zach Parise for Sabres - Stopped by Thomas Greiss
Penalty Shot by Ray Whitney for RedWings - Stopped by Ondrej Pavelec

Penalties :
No Penalty

Goalie Stats

Thomas Greiss (DET), 31 saves from 33 shots - (0.939), OTL, 8-15-5, 65:00 minutes
Ondrej Pavelec (BUF), 26 saves from 28 shots - (0.929), W, 26-17-9, 65:00 minutes

Players Stats for RedWings

Player Name              G  A  P  +/- PIM S  H  SB GA TA FO     MP     PP MP  PK MP  
------------------------------------------------------------------------------------
Alexandre Burrows        0  0  0  -1  0   4  1  1  0  0  1/4    21:44   1:55   0:00 
Andrew Cogliano          0  0  0  -1  0   5  1  0  0  0  10/18  22:40   2:03   2:36 
Brian Campbell           0  0  0  -1  0   4  1  2  0  0  0/0    28:35   2:47   4:27 
Casey Cizikas            0  0  0   0  0   0  1  0  0  0  9/25   23:03   2:27   0:56 
Chris Summers            0  0  0   1  2   0  2  2  0  0  0/0    14:34   0:00   0:18 
Eric Brewer              0  0  0   0  0   0  2  1  0  0  0/0    17:39   1:43   3:24 
Eric Gryba               0  0  0  -1  0   0  2  2  0  0  0/0    21:45   0:00   0:24 
Jared Spurgeon           0  2  2   1  0   1  0  1  0  0  0/0    21:35   1:43   3:24 
Joe Thornton             1  1  2   1  0   5  0  0  0  0  19/29  23:26   2:27   5:09 
Keith Yandle             0  0  0   0  0   0  0  2  0  0  0/0    11:19   2:47   4:21 
Mark Fraser              0  0  0   0  0   0  0  0  0  0  0/0     4:11   0:00   0:00 
Nate Thompson            0  0  0   1  4   1  0  0  0  0  2/2     8:29   0:00   0:00 
Ondrej Palat             0  0  0   0  4   1  2  0  0  0  1/4    20:02   0:00   0:24 
Paul Martin              0  0  0   0  0   1  0  1  0  0  0/0    10:21   0:00   0:00 
Ray Whitney              1  0  1   0  0   4  1  0  0  0  0/0    13:36   2:35   4:51 
Sergei Kostitsyn         0  0  0   0  0   1  0  0  0  0  1/2    19:02   0:00   0:00 
Taylor Beck              0  0  0  -1  0   0  0  0  0  0  0/0    15:15   0:00   0:00 
Tyler Toffoli            0  1  1   1  0   1  1  0  0  0  5/13   14:31   2:03   2:22 

Players Stats for Sabres

Player Name              G  A  P  +/- PIM S  H  SB GA TA FO     MP     PP MP  PK MP  
------------------------------------------------------------------------------------
Brad Boyes               0  1  1   0  2   0  1  0  0  0  0/0    18:37   4:05   0:18 
Brad Stuart              0  0  0   1  2   3  3  0  0  0  0/0    12:46   0:00   0:00 
Brayden Schenn           0  0  0   0  0   0  5  0  0  0  4/12   11:08   0:12   0:00 
Chris Stewart            0  0  0   0  0   2  3  0  0  0  1/1    16:09   3:52   0:00 
Dan Girardi              0  1  1  -1  0   1  4  4  0  0  0/0    28:43   4:04   2:24 
Daniel Winnik            0  0  0   0  0   2  2  1  0  0  0/1    11:35   0:12   0:59 
Francois Beauchemin      0  0  0  -1  0   4  1  0  0  0  0/0    26:51   4:05   2:06 
Jason Pominville         0  0  0   0  0   2  0  0  0  0  2/3    20:40   0:12   3:47 
Joel Ward                0  0  0   0  0   2  0  0  0  0  0/0     6:33   0:00   0:00 
Johnny Oduya             0  0  0   0  0   1  0  1  0  0  0/0    17:06   0:00   2:06 
Josh Gorges              1  0  1   1  0   2  0  1  0  0  0/0    19:11   4:05   0:00 
Matt Duchene             0  1  1   0  0   4  1  1  0  0  16/35  22:36   3:52   0:00 
Mike Fisher              0  0  0   0  0   1  5  0  0  0  19/36  21:51   4:05   3:31 
Oliver Ekman-Larsson     0  0  0   0  0   0  4  1  0  0  0/0    25:22   4:04   2:24 
Paul Gaustad             0  0  0   0  2   0  1  0  0  0  4/5     6:57   0:00   0:25 
Thomas Vanek             0  1  1   0  0   2  0  0  0  0  1/1    20:55   4:05   0:00 
Tom Pyatt                0  0  0   0  0   1  0  0  0  0  0/1     6:33   0:00   0:00 
Zach Parise              1  0  1   0  0   6  3  0  0  0  2/2    21:54   3:52   0:00 

3 Stars

1 - Joe Thornton (DET)
2 - Zach Parise (BUF)
3 - Jared Spurgeon (DET)

Power Play

RedWings - 1 on 3 Attempt(s) - 33.33%
Sabres - 1 on 5 Attempt(s) - 20.00%

Penalty Kill

RedWings - 4 on 5 Attempt(s) - 80.00% - Score 0 goal in Penalty Kill
Sabres - 2 on 3 Attempt(s) - 66.67% - Score 0 goal in Penalty Kill

Official

Referees : Wes McCauley and Tim Peel
Linesman : Tony Sericolo and Scott Cherrey

Game Notes

No Game Note

Finance

Level 1 -- Attendance: 6500 (100.00%) -- Ticket Income $520,000
Level 2 -- Attendance: 5000 (100.00%) -- Ticket Income $250,000
Level 3 -- Attendance: 3500 (100.00%) -- Ticket Income $122,500
Level 4 -- Attendance: 2690 (100.00%) -- Ticket Income $59,180
Luxury Box -- Attendance: 1000 (100.00%) -- Ticket Income $200,000
Game was played at the First Niagara Center
Total Attendance: 18690 (100.00%)
Total Ticket Income: $1,151,680
Other Income: $172,752
Total Income: $1,324,432


% Time on Ice - RedWings

Lines # - Real PCT - Wanted PCT - Time Play
Normal Forward
1 - 40% - 45% - 19:02
2 - 32% - 35% - 15:15
3 - 10% - 15% - 4:34
4 - 18% - 5% - 8:30
Normal Defense
1 - 39% - 40% - 18:32
2 - 30% - 30% - 14:17
3 - 22% - 20% - 10:21
4 - 9% - 10% - 4:11
PP Forward
1 - 54% - 60% - 2:27
2 - 46% - 40% - 2:03
PP Defense
1 - 62% - 60% - 2:47
2 - 38% - 40% - 1:43
PK Forward
1 - 82% - 60% - 6:43
2 - 18% - 40% - 1:26
PK Defense
1 - 58% - 60% - 4:45
2 - 42% - 40% - 3:24
PK3 Forward
1 - 0% - 60%
2 - 0% - 40%
PK3 Defense
1 - 0% - 60%
2 - 0% - 40%
44 Forward
1 - 68% - 60% - 3:24
2 - 32% - 40% - 1:36
44 Defense
1 - 56% - 60% - 2:49
2 - 44% - 40% - 2:11
Last Minute Offensive  - 0:00
Last Minute Defensive  - 0:00
Total
Forward - 65:00
Defense - 65:00

% Time on Ice - Sabres

Lines # - Real PCT - Wanted PCT - Time Play
Normal Forward
1 - 34% - 40% - 16:09
2 - 30% - 30% - 14:15
3 - 22% - 20% - 10:24
4 - 14% - 10% - 6:33
Normal Defense
1 - 38% - 40% - 18:05
2 - 32% - 30% - 14:57
3 - 27% - 20% - 12:44
4 - 3% - 10% - 1:35
PP Forward
1 - 50% - 60% - 4:04
2 - 50% - 40% - 4:05
PP Defense
1 - 50% - 60% - 4:04
2 - 50% - 40% - 4:05
PK Forward
1 - 84% - 60% - 3:47
2 - 16% - 40% - 0:43
PK Defense
1 - 53% - 55% - 2:24
2 - 47% - 45% - 2:06
PK3 Forward
1 - 0% - 60%
2 - 0% - 40%
PK3 Defense
1 - 0% - 60%
2 - 0% - 40%
44 Forward
1 - 62% - 60% - 3:07
2 - 38% - 40% - 1:53
44 Defense
1 - 53% - 60% - 2:38
2 - 47% - 40% - 2:22
Last Minute Offensive  - 0:00
Last Minute Defensive  - 0:00
Total
Forward - 65:00
Defense - 65:00

Play by Play

1st period


0:01 of 1st period - Matt Duchene wins face-off versus Casey Cizikas in neutral zone.
0:08 of 1st period - Shot by Matt Duchene.
0:08 of 1st period - Stopped by Thomas Greiss without a rebound.
0:09 of 1st period - Andrew Cogliano wins face-off versus Mike Fisher in RedWings zone.
0:09 of 1st period - Andrew Cogliano is hit by Mike Fisher.
0:45 of 1st period - Icing by Chris Summers.
0:46 of 1st period - Andrew Cogliano wins face-off versus Matt Duchene in RedWings zone.
0:56 of 1st period - Icing by Dan Girardi.
0:57 of 1st period - Matt Duchene wins face-off versus Ondrej Palat in Sabres zone.
0:57 of 1st period - Matt Duchene is hit by Ondrej Palat.
1:07 of 1st period - Shot by Brian Campbell.
1:07 of 1st period - Shot Misses the Net.
1:32 of 1st period - Off-side.
1:33 of 1st period - Brayden Schenn wins face-off versus Joe Thornton in neutral zone.
1:41 of 1st period - Icing by Paul Martin.
1:42 of 1st period - Joe Thornton wins face-off versus Brayden Schenn in RedWings zone.
1:42 of 1st period - Joe Thornton is hit by Chris Stewart.
2:02 of 1st period - Shot by Brayden Schenn.
2:02 of 1st period - Shot Misses the Net.
2:22 of 1st period - Shot by Daniel Winnik.
2:22 of 1st period - Stopped by Thomas Greiss without a rebound.
2:23 of 1st period - Paul Gaustad wins face-off versus Casey Cizikas in RedWings zone.
2:40 of 1st period - Shot by Casey Cizikas.
2:40 of 1st period - Deflect By Ondrej Palat.
2:40 of 1st period - Shot Misses the Net.
2:56 of 1st period - Shot by Joel Ward.
2:56 of 1st period - Stopped by Thomas Greiss without a rebound.
2:57 of 1st period - Mike Fisher wins face-off versus Andrew Cogliano in RedWings zone.
3:00 of 1st period - Shot by Thomas Vanek.
3:00 of 1st period - Shot Misses the Net.
3:02 of 1st period - Shot by Mike Fisher.
3:02 of 1st period - Shot Misses the Net.
3:04 of 1st period - Shot by Brad Stuart.
3:04 of 1st period - Stopped by Thomas Greiss with a rebound.
3:06 of 1st period - Shot by Mike Fisher.
3:06 of 1st period - Shot Misses the Net.
3:14 of 1st period - Shot by Thomas Vanek.
3:14 of 1st period - Shot Blocked by Brian Campbell.
3:16 of 1st period - Shot by Josh Gorges.
3:16 of 1st period - Shot Misses the Net.
3:30 of 1st period - Shot by Thomas Vanek.
3:30 of 1st period - Shot Misses the Net.
3:55 of 1st period - Icing by Dan Girardi.
3:56 of 1st period - Sergei Kostitsyn wins face-off versus Matt Duchene in Sabres zone.
3:56 of 1st period - Sergei Kostitsyn is hit by Dan Girardi.
4:04 of 1st period - Shot by Sergei Kostitsyn.
4:04 of 1st period - Shot Misses the Net.
4:12 of 1st period - Shot by Jason Pominville.
4:12 of 1st period - Deflect By Matt Duchene.
4:12 of 1st period - Stopped by Thomas Greiss without a rebound.
4:13 of 1st period - Tyler Toffoli wins face-off versus Brayden Schenn in RedWings zone.
4:33 of 1st period - Joe Thornton is hit by Oliver Ekman-Larsson and loses puck.
4:46 of 1st period - Shot by Paul Martin.
4:46 of 1st period - Stopped by Ondrej Pavelec with a rebound.
4:48 of 1st period - Shot by Paul Martin.
4:48 of 1st period - Shot Misses the Net.
4:50 of 1st period - Shot by Eric Brewer.
4:50 of 1st period - Shot Blocked by Daniel Winnik.
4:52 of 1st period - Shot by Tyler Toffoli.
4:52 of 1st period - Deflect By Joe Thornton.
4:52 of 1st period - Stopped by Ondrej Pavelec without a rebound.
4:53 of 1st period - Zach Parise wins face-off versus Casey Cizikas in Sabres zone.
5:35 of 1st period - Shot by Zach Parise.
5:35 of 1st period - Stopped by Thomas Greiss without a rebound.
5:36 of 1st period - Mike Fisher wins face-off versus Andrew Cogliano in RedWings zone.
6:16 of 1st period - Mike Fisher is hit by Alexandre Burrows and loses puck.
7:01 of 1st period - Shot by Joel Ward.
7:01 of 1st period - Stopped by Thomas Greiss without a rebound.
7:02 of 1st period - Casey Cizikas wins face-off versus Matt Duchene in RedWings zone.
7:18 of 1st period - Icing by Chris Summers.
7:19 of 1st period - Casey Cizikas wins face-off versus Brayden Schenn in RedWings zone.
7:19 of 1st period - Casey Cizikas is hit by Brayden Schenn.
7:48 of 1st period - Sergei Kostitsyn is hit by Dan Girardi.
8:01 of 1st period - Off-side.
8:02 of 1st period - Joe Thornton wins face-off versus Matt Duchene in neutral zone.
8:05 of 1st period - Shot by Brian Campbell.
8:05 of 1st period - Stopped by Ondrej Pavelec with a rebound.
8:21 of 1st period - Shot by Zach Parise.
8:21 of 1st period - Stopped by Thomas Greiss without a rebound.
8:22 of 1st period - Andrew Cogliano wins face-off versus Mike Fisher in RedWings zone.
8:27 of 1st period - Shot by Taylor Beck.
8:27 of 1st period - Shot Blocked by Johnny Oduya.
9:46 of 1st period - Icing by Eric Gryba.
9:47 of 1st period - Casey Cizikas wins face-off versus Tom Pyatt in RedWings zone.
10:25 of 1st period - Shot by Joe Thornton.
10:25 of 1st period - Deflect By Tyler Toffoli.
10:25 of 1st period - Stopped by Ondrej Pavelec without a rebound.
10:26 of 1st period - Matt Duchene wins face-off versus Tyler Toffoli in Sabres zone.
10:43 of 1st period - Shot by Matt Duchene.
10:43 of 1st period - Stopped by Thomas Greiss with a rebound.
10:45 of 1st period - Shot by Dan Girardi.
10:45 of 1st period - Shot Blocked by Jared Spurgeon.
10:47 of 1st period - Shot by Jason Pominville.
10:47 of 1st period - Stopped by Thomas Greiss with a rebound.
11:31 of 1st period - Shot by Andrew Cogliano.
11:31 of 1st period - Shot Misses the Net.
11:33 of 1st period - Shot by Keith Yandle.
11:33 of 1st period - Shot Misses the Net.
12:54 of 1st period - Shot by Brayden Schenn.
12:54 of 1st period - Deflect By Chris Stewart.
12:54 of 1st period - Stopped by Thomas Greiss without a rebound.
12:55 of 1st period - Joe Thornton wins face-off versus Matt Duchene in RedWings zone.
13:21 of 1st period - Icing by Jason Pominville.
13:22 of 1st period - Casey Cizikas wins face-off versus Matt Duchene in Sabres zone.
13:26 of 1st period - Minor Penalty to Ondrej Palat for Tripping.
13:27 of 1st period - Matt Duchene wins face-off versus Joe Thornton in RedWings zone.
13:36 of 1st period - Shot by Zach Parise.
13:36 of 1st period - Shot Misses the Net.
13:38 of 1st period - Shot by Zach Parise.
13:38 of 1st period - Goal by Zach Parise - RedWings : 0 - Sabres : 1.
13:39 of 1st period - Thomas Vanek wins face-off versus Casey Cizikas in neutral zone.
13:47 of 1st period - Icing by Eric Gryba.
13:48 of 1st period - Casey Cizikas wins face-off versus Matt Duchene in RedWings zone.
13:48 of 1st period - Casey Cizikas is hit by Matt Duchene.
14:17 of 1st period - Shot by Zach Parise.
14:17 of 1st period - Shot Blocked by Eric Gryba.
15:16 of 1st period - Shot by Brayden Schenn.
15:16 of 1st period - Shot Misses the Net.
16:03 of 1st period - Shot by Thomas Vanek.
16:03 of 1st period - Stopped by Thomas Greiss without a rebound.
16:04 of 1st period - Tyler Toffoli wins face-off versus Paul Gaustad in RedWings zone.
16:04 of 1st period - Tyler Toffoli is hit by Paul Gaustad.
16:16 of 1st period - Shot by Joe Thornton.
16:16 of 1st period - Stopped by Ondrej Pavelec without a rebound.
16:17 of 1st period - Mike Fisher wins face-off versus Casey Cizikas in Sabres zone.
16:32 of 1st period - Icing by Brian Campbell.
16:33 of 1st period - Ondrej Palat wins face-off versus Matt Duchene in RedWings zone.
16:33 of 1st period - Ondrej Palat is hit by Zach Parise.
17:26 of 1st period - Icing by Brian Campbell.
17:27 of 1st period - Casey Cizikas wins face-off versus Mike Fisher in RedWings zone.
17:37 of 1st period - Icing by Thomas Vanek.
17:38 of 1st period - Mike Fisher wins face-off versus Joe Thornton in Sabres zone.
17:40 of 1st period - Icing by Dan Girardi.
17:41 of 1st period - Joe Thornton wins face-off versus Mike Fisher in Sabres zone.
17:56 of 1st period - Shot by Ray Whitney.
17:56 of 1st period - Shot Blocked by Dan Girardi.
18:04 of 1st period - Shot by Ray Whitney.
18:04 of 1st period - Shot Misses the Net.
18:22 of 1st period - Shot by Joe Thornton.
18:22 of 1st period - Stopped by Ondrej Pavelec without a rebound.
18:23 of 1st period - Matt Duchene wins face-off versus Andrew Cogliano in Sabres zone.
18:35 of 1st period - Johnny Oduya is hit by Andrew Cogliano and loses puck.
18:42 of 1st period - Shot by Jason Pominville.
18:42 of 1st period - Shot Misses the Net.
18:44 of 1st period - Shot by Matt Duchene.
18:44 of 1st period - Shot Misses the Net.
18:46 of 1st period - Shot by Zach Parise.
18:46 of 1st period - Stopped by Thomas Greiss without a rebound.
18:47 of 1st period - Brayden Schenn wins face-off versus Casey Cizikas in RedWings zone.
19:01 of 1st period - Shot by Brayden Schenn.
19:01 of 1st period - Shot Misses the Net.
19:17 of 1st period - Shot by Brad Stuart.
19:17 of 1st period - Stopped by Thomas Greiss without a rebound.
19:18 of 1st period - Matt Duchene wins face-off versus Tyler Toffoli in RedWings zone.
19:22 of 1st period - Zach Parise is hit by Eric Brewer and loses puck.
19:43 of 1st period - Shot by Jason Pominville.
19:43 of 1st period - Shot Blocked by Paul Martin.
19:45 of 1st period - Shot by Zach Parise.
19:45 of 1st period - Shot Blocked by Eric Brewer.
Goals for this period are 0 for RedWings vs 1 for Sabres.
Shots for this period are 6 for RedWings vs 15 for Sabres.

2nd period


0:01 of 2nd period - Jason Pominville wins face-off versus Casey Cizikas in neutral zone.
0:06 of 2nd period - Icing by Ondrej Palat.
0:07 of 2nd period - Mike Fisher wins face-off versus Casey Cizikas in RedWings zone.
0:17 of 2nd period - Off-side.
0:18 of 2nd period - Andrew Cogliano wins face-off versus Matt Duchene in neutral zone.
0:43 of 2nd period - Shot by Zach Parise.
0:43 of 2nd period - Shot Blocked by Chris Summers.
0:51 of 2nd period - Off-side.
0:52 of 2nd period - Mike Fisher wins face-off versus Casey Cizikas in neutral zone.
0:54 of 2nd period - Minor Penalty to Brad Boyes for Tripping.
0:55 of 2nd period - Joe Thornton wins face-off versus Mike Fisher in Sabres zone.
0:56 of 2nd period - Shot by Keith Yandle.
0:56 of 2nd period - Shot Blocked by Dan Girardi.
0:58 of 2nd period - Shot by Brian Campbell.
0:58 of 2nd period - Stopped by Ondrej Pavelec without a rebound.
0:59 of 2nd period - Mike Fisher wins face-off versus Joe Thornton in Sabres zone.
1:07 of 2nd period - Icing by Brian Campbell.
1:08 of 2nd period - Joe Thornton wins face-off versus Mike Fisher in RedWings zone.
1:10 of 2nd period - Icing by Brian Campbell.
1:11 of 2nd period - Joe Thornton wins face-off versus Mike Fisher in RedWings zone.
2:24 of 2nd period - Shot by Andrew Cogliano.
2:24 of 2nd period - Shot Blocked by Dan Girardi.
2:48 of 2nd period - Eric Brewer is hit by Mike Fisher and loses puck.
3:48 of 2nd period - Icing by Josh Gorges.
3:49 of 2nd period - Andrew Cogliano wins face-off versus Brayden Schenn in Sabres zone.
3:58 of 2nd period - Shot by Alexandre Burrows.
3:58 of 2nd period - Stopped by Ondrej Pavelec without a rebound.
3:59 of 2nd period - Paul Gaustad wins face-off versus Joe Thornton in Sabres zone.
4:35 of 2nd period - Shot by Joe Thornton.
4:35 of 2nd period - Shot Blocked by Dan Girardi.
4:53 of 2nd period - Zach Parise is hit by Ray Whitney.
5:15 of 2nd period - Shot by Sergei Kostitsyn.
5:15 of 2nd period - Stopped by Ondrej Pavelec without a rebound.
5:16 of 2nd period - Mike Fisher wins face-off versus Andrew Cogliano in Sabres zone.
5:21 of 2nd period - Shot by Brad Boyes.
5:21 of 2nd period - Shot Misses the Net.
5:23 of 2nd period - Shot by Josh Gorges.
5:23 of 2nd period - Goal by Josh Gorges - RedWings : 0 - Sabres : 2.
5:24 of 2nd period - Nate Thompson wins face-off versus Mike Fisher in neutral zone.
5:36 of 2nd period - Thomas Vanek is hit by Eric Gryba.
5:40 of 2nd period - Shot by Mike Fisher.
5:40 of 2nd period - Shot Misses the Net.
5:51 of 2nd period - Icing by Josh Gorges.
5:52 of 2nd period - Mike Fisher wins face-off versus Casey Cizikas in Sabres zone.
5:52 of 2nd period - Mike Fisher is hit by Casey Cizikas.
6:05 of 2nd period - Mike Fisher is hit by Eric Brewer and loses puck.
6:14 of 2nd period - Shot by Mike Fisher.
6:14 of 2nd period - Shot Misses the Net.
6:16 of 2nd period - Shot by Mike Fisher.
6:16 of 2nd period - Shot Misses the Net.
6:18 of 2nd period - Shot by Brad Stuart.
6:18 of 2nd period - Shot Misses the Net.
6:58 of 2nd period - Shot by Zach Parise.
6:58 of 2nd period - Stopped by Thomas Greiss without a rebound.
6:59 of 2nd period - Brayden Schenn wins face-off versus Alexandre Burrows in RedWings zone.
7:09 of 2nd period - Eric Gryba is hit by Oliver Ekman-Larsson and loses puck.
9:14 of 2nd period - Jared Spurgeon is hit by Brad Stuart.
9:18 of 2nd period - Shot by Nate Thompson.
9:18 of 2nd period - Stopped by Ondrej Pavelec without a rebound.
9:18 of 2nd period - Minor Penalty to Brad Stuart for Hooking.
9:19 of 2nd period - Joe Thornton wins face-off versus Daniel Winnik in Sabres zone.
9:50 of 2nd period - Shot by Ray Whitney.
9:50 of 2nd period - Goal by Ray Whitney - RedWings : 1 - Sabres : 2.
9:51 of 2nd period - Paul Gaustad wins face-off versus Casey Cizikas in neutral zone.
10:14 of 2nd period - Shot by Sergei Kostitsyn.
10:14 of 2nd period - Shot Misses the Net.
11:00 of 2nd period - Nate Thompson is hit by Chris Stewart and loses puck.
11:08 of 2nd period - Icing by Nate Thompson.
11:09 of 2nd period - Matt Duchene wins face-off versus Tyler Toffoli in RedWings zone.
11:26 of 2nd period - Shot by Zach Parise.
11:26 of 2nd period - Shot Misses the Net.
11:28 of 2nd period - Shot by Francois Beauchemin.
11:28 of 2nd period - Stopped by Thomas Greiss without a rebound.
11:29 of 2nd period - Andrew Cogliano wins face-off versus Mike Fisher in RedWings zone.
11:29 of 2nd period - Andrew Cogliano is hit by Brad Boyes.
11:54 of 2nd period - Icing by Brian Campbell.
11:55 of 2nd period - Andrew Cogliano wins face-off versus Matt Duchene in RedWings zone.
12:11 of 2nd period - Shot by Andrew Cogliano.
12:11 of 2nd period - Stopped by Ondrej Pavelec without a rebound.
12:12 of 2nd period - Mike Fisher wins face-off versus Casey Cizikas in Sabres zone.
12:24 of 2nd period - Icing by Oliver Ekman-Larsson.
12:25 of 2nd period - Mike Fisher wins face-off versus Casey Cizikas in Sabres zone.
12:31 of 2nd period - Icing by Johnny Oduya.
12:32 of 2nd period - Mike Fisher wins face-off versus Alexandre Burrows in Sabres zone.
12:55 of 2nd period - Shot by Thomas Vanek.
12:55 of 2nd period - Stopped by Thomas Greiss with a rebound.
12:57 of 2nd period - Shot by Mike Fisher.
12:57 of 2nd period - Shot Misses the Net.
12:59 of 2nd period - Shot by Mike Fisher.
12:59 of 2nd period - Stopped by Thomas Greiss without a rebound.
13:00 of 2nd period - Matt Duchene wins face-off versus Sergei Kostitsyn in RedWings zone.
13:16 of 2nd period - Brian Campbell is hit by Dan Girardi and loses puck.
13:44 of 2nd period - Shot by Zach Parise.
13:44 of 2nd period - Shot Misses the Net.
13:46 of 2nd period - Shot by Dan Girardi.
13:46 of 2nd period - Stopped by Thomas Greiss without a rebound.
13:47 of 2nd period - Mike Fisher wins face-off versus Andrew Cogliano in RedWings zone.
14:02 of 2nd period - Shot by Alexandre Burrows.
14:02 of 2nd period - Stopped by Ondrej Pavelec with a rebound.
14:04 of 2nd period - Shot by Andrew Cogliano.
14:04 of 2nd period - Stopped by Ondrej Pavelec without a rebound.
14:05 of 2nd period - Chris Stewart wins face-off versus Tyler Toffoli in Sabres zone.
14:05 of 2nd period - Double Minor Penalty to Nate Thompson for Slashing.
14:06 of 2nd period - Joe Thornton wins face-off versus Mike Fisher in RedWings zone.
14:06 of 2nd period - Joe Thornton is hit by Mike Fisher.
14:12 of 2nd period - Shot by Ray Whitney.
14:12 of 2nd period - Shot Misses the Net.
14:22 of 2nd period - Shot by Joe Thornton.
14:22 of 2nd period - Stopped by Ondrej Pavelec without a rebound.
14:23 of 2nd period - Joe Thornton wins face-off versus Matt Duchene in Sabres zone.
14:38 of 2nd period - Shot by Ray Whitney.
14:38 of 2nd period - Shot Misses the Net.
14:58 of 2nd period - Shot by Chris Stewart.
14:58 of 2nd period - Shot Misses the Net.
15:00 of 2nd period - Shot by Josh Gorges.
15:00 of 2nd period - Stopped by Thomas Greiss with a rebound.
15:44 of 2nd period - Shot by Dan Girardi.
15:44 of 2nd period - Shot Misses the Net.
15:54 of 2nd period - Shot by Thomas Vanek.
15:54 of 2nd period - Shot Blocked by Keith Yandle.
16:30 of 2nd period - Shot by Francois Beauchemin.
16:30 of 2nd period - Stopped by Thomas Greiss with a rebound.
17:30 of 2nd period - Shot by Matt Duchene.
17:30 of 2nd period - Shot Misses the Net.
17:32 of 2nd period - Shot by Francois Beauchemin.
17:32 of 2nd period - Shot Blocked by Keith Yandle.
17:34 of 2nd period - Shot by Francois Beauchemin.
17:34 of 2nd period - Shot Misses the Net.
17:36 of 2nd period - Shot by Francois Beauchemin.
17:36 of 2nd period - Stopped by Thomas Greiss without a rebound.
17:37 of 2nd period - Joe Thornton wins face-off versus Brayden Schenn in RedWings zone.
17:48 of 2nd period - Shot by Ray Whitney.
17:48 of 2nd period - Stopped by Ondrej Pavelec without a rebound.
17:49 of 2nd period - Matt Duchene wins face-off versus Joe Thornton in Sabres zone.
19:36 of 2nd period - Off-side.
19:37 of 2nd period - Tyler Toffoli wins face-off versus Matt Duchene in neutral zone.
Goals for this period are 1 for RedWings vs 1 for Sabres.
Shots for this period are 10 for RedWings vs 9 for Sabres.

3rd period


0:01 of 3rd period - Casey Cizikas wins face-off versus Matt Duchene in neutral zone.
0:13 of 3rd period - Eric Gryba is hit by Zach Parise and loses puck.
0:37 of 3rd period - Dan Girardi is hit by Eric Gryba.
0:44 of 3rd period - Icing by Brian Campbell.
0:45 of 3rd period - Mike Fisher wins face-off versus Casey Cizikas in RedWings zone.
0:54 of 3rd period - Shot by Thomas Vanek.
0:54 of 3rd period - Shot Blocked by Brian Campbell.
2:04 of 3rd period - Shot by Alexandre Burrows.
2:04 of 3rd period - Stopped by Ondrej Pavelec without a rebound.
2:05 of 3rd period - Tyler Toffoli wins face-off versus Matt Duchene in Sabres zone.
2:39 of 3rd period - Icing by Mark Fraser.
2:40 of 3rd period - Nate Thompson wins face-off versus Brayden Schenn in RedWings zone.
2:40 of 3rd period - Nate Thompson is hit by Daniel Winnik.
2:45 of 3rd period - Tyler Toffoli is hit by Chris Stewart and loses puck.
2:49 of 3rd period - Joe Thornton is hit by Brad Stuart and loses puck.
3:08 of 3rd period - Chris Summers is hit by Daniel Winnik and loses puck.
3:16 of 3rd period - Jared Spurgeon is hit by Brad Stuart and loses puck.
3:29 of 3rd period - Shot by Andrew Cogliano.
3:29 of 3rd period - Stopped by Ondrej Pavelec with a rebound.
3:31 of 3rd period - Shot by Jared Spurgeon.
3:31 of 3rd period - Shot Misses the Net.
3:33 of 3rd period - Shot by Andrew Cogliano.
3:33 of 3rd period - Shot Blocked by Josh Gorges.
3:35 of 3rd period - Shot by Andrew Cogliano.
3:35 of 3rd period - Stopped by Ondrej Pavelec without a rebound.
3:36 of 3rd period - Joe Thornton wins face-off versus Jason Pominville in Sabres zone.
3:49 of 3rd period - Shot by Eric Brewer.
3:49 of 3rd period - Deflect By Ray Whitney.
3:49 of 3rd period - Stopped by Ondrej Pavelec without a rebound.
3:50 of 3rd period - Mike Fisher wins face-off versus Ondrej Palat in Sabres zone.
4:28 of 3rd period - Johnny Oduya is hit by Ondrej Palat and loses puck.
5:02 of 3rd period - Shot by Jason Pominville.
5:02 of 3rd period - Shot Blocked by Chris Summers.
5:04 of 3rd period - Shot by Zach Parise.
5:04 of 3rd period - Stopped by Thomas Greiss without a rebound.
5:05 of 3rd period - Tyler Toffoli wins face-off versus Matt Duchene in RedWings zone.
5:12 of 3rd period - Joe Thornton is hit by Francois Beauchemin and loses puck.
5:35 of 3rd period - Shot by Jason Pominville.
5:35 of 3rd period - Shot Misses the Net.
6:21 of 3rd period - Daniel Winnik is hit by Chris Summers and loses puck.
6:30 of 3rd period - Andrew Cogliano is hit by Brayden Schenn and loses puck.
6:39 of 3rd period - Shot by Chris Stewart.
6:39 of 3rd period - Shot Blocked by Alexandre Burrows.
6:41 of 3rd period - Shot by Brad Stuart.
6:41 of 3rd period - Stopped by Thomas Greiss with a rebound.
6:43 of 3rd period - Shot by Daniel Winnik.
6:43 of 3rd period - Stopped by Thomas Greiss without a rebound.
6:44 of 3rd period - Casey Cizikas wins face-off versus Mike Fisher in RedWings zone.
6:44 of 3rd period - Casey Cizikas is hit by Mike Fisher.
6:53 of 3rd period - Minor Penalty to Ondrej Palat for Cross-checking.
6:54 of 3rd period - Joe Thornton wins face-off versus Mike Fisher in RedWings zone.
7:16 of 3rd period - Icing by Oliver Ekman-Larsson.
7:17 of 3rd period - Joe Thornton wins face-off versus Mike Fisher in Sabres zone.
7:40 of 3rd period - Dan Girardi is hit by Tyler Toffoli and loses puck.
8:14 of 3rd period - Chris Stewart is hit by Brian Campbell.
9:12 of 3rd period - Icing by Brian Campbell.
9:13 of 3rd period - Brayden Schenn wins face-off versus Casey Cizikas in RedWings zone.
9:36 of 3rd period - Ondrej Palat is hit by Brayden Schenn and loses puck.
10:16 of 3rd period - Andrew Cogliano is hit by Dan Girardi and loses puck.
10:21 of 3rd period - Shot by Andrew Cogliano.
10:21 of 3rd period - Shot Misses the Net.
11:15 of 3rd period - Shot by Joe Thornton.
11:15 of 3rd period - Goal by Joe Thornton - RedWings : 2 - Sabres : 2.
11:16 of 3rd period - Casey Cizikas wins face-off versus Matt Duchene in neutral zone.
11:20 of 3rd period - Icing by Johnny Oduya.
11:21 of 3rd period - Zach Parise wins face-off versus Joe Thornton in Sabres zone.
11:23 of 3rd period - Icing by Matt Duchene.
11:24 of 3rd period - Matt Duchene wins face-off versus Casey Cizikas in Sabres zone.
11:33 of 3rd period - Casey Cizikas is hit by Zach Parise and loses puck.
11:55 of 3rd period - Shot by Matt Duchene.
11:55 of 3rd period - Shot Misses the Net.
11:57 of 3rd period - Shot by Zach Parise.
11:57 of 3rd period - Shot Misses the Net.
11:59 of 3rd period - Shot by Johnny Oduya.
11:59 of 3rd period - Stopped by Thomas Greiss without a rebound.
12:00 of 3rd period - Andrew Cogliano wins face-off versus Brayden Schenn in RedWings zone.
12:00 of 3rd period - Andrew Cogliano is hit by Brayden Schenn.
12:12 of 3rd period - Icing by Alexandre Burrows.
12:13 of 3rd period - Paul Gaustad wins face-off versus Andrew Cogliano in RedWings zone.
12:39 of 3rd period - Tom Pyatt is hit by Chris Summers and loses puck.
12:45 of 3rd period - Minor Penalty to Paul Gaustad for High sticking.
12:46 of 3rd period - Mike Fisher wins face-off versus Joe Thornton in Sabres zone.
12:55 of 3rd period - Shot by Keith Yandle.
12:55 of 3rd period - Shot Hit the Post.
13:08 of 3rd period - Icing by Casey Cizikas.
13:09 of 3rd period - Joe Thornton wins face-off versus Mike Fisher in RedWings zone.
13:20 of 3rd period - Shot by Joe Thornton.
13:20 of 3rd period - Shot Blocked by Oliver Ekman-Larsson.
13:22 of 3rd period - Shot by Brian Campbell.
13:22 of 3rd period - Stopped by Ondrej Pavelec without a rebound.
13:23 of 3rd period - Andrew Cogliano wins face-off versus Mike Fisher in Sabres zone.
13:36 of 3rd period - Shot by Jared Spurgeon.
13:36 of 3rd period - Stopped by Ondrej Pavelec without a rebound.
13:37 of 3rd period - Andrew Cogliano wins face-off versus Mike Fisher in Sabres zone.
13:44 of 3rd period - Shot by Brian Campbell.
13:44 of 3rd period - Stopped by Ondrej Pavelec without a rebound.
13:45 of 3rd period - Joe Thornton wins face-off versus Mike Fisher in Sabres zone.
13:50 of 3rd period - Shot by Alexandre Burrows.
13:50 of 3rd period - Stopped by Ondrej Pavelec without a rebound.
13:51 of 3rd period - Mike Fisher wins face-off versus Andrew Cogliano in Sabres zone.
15:05 of 3rd period - Shot by Brad Stuart.
15:05 of 3rd period - Shot Misses the Net.
15:07 of 3rd period - Shot by Tom Pyatt.
15:07 of 3rd period - Stopped by Thomas Greiss without a rebound.
15:08 of 3rd period - Joe Thornton wins face-off versus Brayden Schenn in RedWings zone.
15:08 of 3rd period - Paul Martin is hit by Brayden Schenn.
15:20 of 3rd period - Shot by Joe Thornton.
15:20 of 3rd period - Shot Misses the Net.
16:13 of 3rd period - Off-side.
16:14 of 3rd period - Alexandre Burrows wins face-off versus Matt Duchene in neutral zone.
16:38 of 3rd period - Minor Penalty to Chris Summers for Goalie Interference.
16:39 of 3rd period - Mike Fisher wins face-off versus Joe Thornton in RedWings zone.
17:04 of 3rd period - Shot by Francois Beauchemin.
17:04 of 3rd period - Stopped by Thomas Greiss without a rebound.
17:05 of 3rd period - Matt Duchene wins face-off versus Tyler Toffoli in RedWings zone.
18:26 of 3rd period - Joe Thornton is hit by Mike Fisher and loses puck.
19:12 of 3rd period - Shot by Ondrej Palat.
19:12 of 3rd period - Stopped by Ondrej Pavelec without a rebound.
19:13 of 3rd period - Matt Duchene wins face-off versus Alexandre Burrows in Sabres zone.
19:24 of 3rd period - Shot by Alexandre Burrows.
19:24 of 3rd period - Shot Misses the Net.
19:34 of 3rd period - Shot by Matt Duchene.
19:34 of 3rd period - Stopped by Thomas Greiss without a rebound.
19:35 of 3rd period - Mike Fisher wins face-off versus Tyler Toffoli in RedWings zone.
19:50 of 3rd period - Off-side.
19:51 of 3rd period - Matt Duchene wins face-off versus Ondrej Palat in neutral zone.
19:58 of 3rd period - Jared Spurgeon is hit by Oliver Ekman-Larsson and loses puck.
Goals for this period are 1 for RedWings vs 0 for Sabres.
Shots for this period are 10 for RedWings vs 7 for Sabres.

Overtime #1


0:01 of 1st overtime period - Matt Duchene wins face-off versus Joe Thornton in neutral zone.
0:45 of 1st overtime period - Icing by Matt Duchene.
0:46 of 1st overtime period - Matt Duchene wins face-off versus Andrew Cogliano in Sabres zone.
1:49 of 1st overtime period - Shot by Chris Stewart.
1:49 of 1st overtime period - Stopped by Thomas Greiss with a rebound.
2:51 of 1st overtime period - Brian Campbell is hit by Oliver Ekman-Larsson and loses puck.
3:00 of 1st overtime period - Shot by Andrew Cogliano.
3:00 of 1st overtime period - Stopped by Ondrej Pavelec without a rebound.
3:01 of 1st overtime period - Matt Duchene wins face-off versus Tyler Toffoli in Sabres zone.
3:28 of 1st overtime period - Shot by Ray Whitney.
3:28 of 1st overtime period - Stopped by Ondrej Pavelec without a rebound.
3:29 of 1st overtime period - Joe Thornton wins face-off versus Matt Duchene in Sabres zone.
3:46 of 1st overtime period - Shot by Andrew Cogliano.
3:46 of 1st overtime period - Shot Blocked by Matt Duchene.
3:58 of 1st overtime period - Shot by Matt Duchene.
3:58 of 1st overtime period - Shot Blocked by Eric Gryba.
4:05 of 1st overtime period - Icing by Brian Campbell.
4:06 of 1st overtime period - Joe Thornton wins face-off versus Matt Duchene in RedWings zone.
4:30 of 1st overtime period - Off-side.
4:31 of 1st overtime period - Jason Pominville wins face-off versus Tyler Toffoli in neutral zone.
4:51 of 1st overtime period - Shot by Brayden Schenn.
4:51 of 1st overtime period - Deflect By Jason Pominville.
4:51 of 1st overtime period - Stopped by Thomas Greiss with a rebound.
Goals for this period are 0 for RedWings vs 0 for Sabres.
Shots for this period are 2 for RedWings vs 2 for Sabres.

ShootOut


5:00 of 1st overtime period - Penalty Shot by Andrew Cogliano for RedWings.
5:00 of 1st overtime period - Stopped by Ondrej Pavelec.
5:00 of 1st overtime period - Penalty Shot by Thomas Vanek for Sabres.
5:00 of 1st overtime period - Goal by Thomas Vanek.
5:00 of 1st overtime period - Penalty Shot by Joe Thornton for RedWings.
5:00 of 1st overtime period - Stopped by Ondrej Pavelec.
5:00 of 1st overtime period - Penalty Shot by Zach Parise for Sabres.
5:00 of 1st overtime period - Stopped by Thomas Greiss.
5:00 of 1st overtime period - Penalty Shot by Ray Whitney for RedWings.
5:00 of 1st overtime period - Stopped by Ondrej Pavelec.


Output by the SimonT Hockey Simulator (STHS) for Stephane Roy -- Original Page W3C XHTML 1.0 Valid
Hockey Simulator - Hockey Simulation - Hockey Manager